BSA
KANSAS CITY KINGS @ SPRINGFIELD STARS
07/13/2030
 
TOP OF THE 1ST
Kansas City Kings batting - Pitching for Springfield Stars : RHP Kyu-pyeong Pak
Pitching: RHP Kyu-pyeong Pak
Batting: RHB Chris Chandler 0-0: Called Strike
0-1: DOUBLE (Groundball, 5L)
Batting: RHB Oliver Lugo 0-0: Ball
1-0: Foul Ball, location: 2F
1-1: Swinging Strike
1-2: Foul Ball, location: 2F
1-2: Ball
2-2: Fly out, F9 (Flyball, 9S)
Batting: RHB Dave Parker 0-0: Ball
1-0: Ground out 6-3 (Groundball, 6)
Chris Chandler to third
Batting: SHB Douglas Taylor 0-0: Foul Ball, location: 2F
0-1: SINGLE (Groundball, 6) (infield hit)
Chris Chandler scores
Batting: RHB Toshimichi Kono 0-0: Ball
1-0: Ball
2-0: Swinging Strike
2-1: Fly out, F9 (Flyball, 9LM)
Top of the 1st over - 1 run, 2 hits, 0 errors, 1 left on base; Kansas City 1 - Springfield 0
BOTTOM OF THE 1ST
Springfield Stars batting - Pitching for Kansas City Kings : LHP Osvaldo Cruz
Pitching: LHP Osvaldo Cruz
Batting: SHB António De La Cruz 0-0: Ground out U3 (Groundball, 34S)
Batting: LHB Jesús Tobías 0-0: Ball
1-0: Foul Ball, location: 2F
1-1: Foul Ball, location: 2F
1-2: Foul Ball, location: 2F
1-2: Foul Ball, location: 2F
1-2: Ball
2-2: SINGLE (Flyball, 89S)
Batting: LHB Derek Davidson 0-0: Called Strike
0-1: Fly out, F4 (Line Drive, 4)
Batting: LHB Felipe Guerrero 0-0: Called Strike
0-1: Foul Ball, location: 2F
0-2: Ball
1-2: Foul Ball, location: 2F
1-2: Strikes out swinging
Bottom of the 1st over - 0 runs, 1 hit, 0 errors, 1 left on base; Kansas City 1 - Springfield 0
TOP OF THE 2ND
Kansas City Kings batting - Pitching for Springfield Stars : RHP Kyu-pyeong Pak
Batting: RHB Rafael Carreón 0-0: Called Strike
0-1: Called Strike
0-2: Ball
1-2: Fly out, F2 (Popup, 15S)
Batting: RHB Jeremy Carr 0-0: Called Strike
0-1: Ball
1-1: Foul Ball, location: 2F
1-2: Ball
2-2: Ball
3-2: Fly out, F7 (Flyball, 7LS)
Batting: RHB Eduardo García 0-0: Ground out 6-3 (Groundball, 6)
Top of the 2nd over - 0 runs, 0 hits, 0 errors, 0 left on base; Kansas City 1 - Springfield 0
BOTTOM OF THE 2ND
Springfield Stars batting - Pitching for Kansas City Kings : LHP Osvaldo Cruz
Batting: LHB Elliott Newell 0-0: Called Strike
0-1: Called Strike
0-2: DOUBLE (Line Drive, 9LM)
Batting: RHB Norberto Taváres 0-0: Ball
1-0: Ball
2-0: Ball
3-0: Base on Balls
Batting: RHB Gabriel Erwin 0-0: Fielders Choice at 2nd, 6-4 (Groundball, 6)
Elliott Newell to third
Batting: RHB Juan Carlos Rodríguez 0-0: Called Strike
Gabriel Erwin steals 2nd base
0-1: Ball
1-1: Ball
2-1: Ground out 6-3 (Groundball, 6MD)
Elliott Newell scores
Gabriel Erwin to third
Batting: RHB José López 0-0: Called Strike
0-1: Foul Ball, location: 2F
0-2: Ball
1-2: Strikes out swinging
Bottom of the 2nd over - 1 run, 1 hit, 0 errors, 1 left on base; Kansas City 1 - Springfield 1
TOP OF THE 3RD
Kansas City Kings batting - Pitching for Springfield Stars : RHP Kyu-pyeong Pak
Batting: SHB Álex Hernández 0-0: Swinging Strike
0-1: Ball
1-1: Ground out 4-3 (Groundball, 4)
Batting: RHB Chris Chandler 0-0: Ball
1-0: Called Strike
1-1: Swinging Strike
1-2: Foul Ball, location: 2F
1-2: Ball
2-2: Ball
3-2: Base on Balls
Batting: RHB Oliver Lugo 0-0: Ball
1-0: Called Strike
1-1: Called Strike
1-2: Ball
2-2: Ground out 5-3 (Groundball, 56S)
Chris Chandler to second
Batting: RHB Dave Parker 0-0: Ball
1-0: Ball
2-0: Foul Ball, location: 2F
2-1: Ball
3-1: Base on Balls
Batting: SHB Douglas Taylor 0-0: Fielders Choice at 2nd, 6-4 (Groundball, 6)
Top of the 3rd over - 0 runs, 0 hits, 0 errors, 2 left on base; Kansas City 1 - Springfield 1
BOTTOM OF THE 3RD
Springfield Stars batting - Pitching for Kansas City Kings : LHP Osvaldo Cruz
Batting: SHB António De La Cruz 0-0: Swinging Strike
0-1: Ground out 5-3 (Groundball, 5)
Batting: LHB Jesús Tobías 0-0: Foul Ball, location: 2F
0-1: Ball
1-1: Ball
2-1: Fly out, F8 (Line Drive, 8RM)
Batting: LHB Derek Davidson 0-0: Ball
1-0: Called Strike
1-1: Ball
2-1: Foul Ball, location: 2F
2-2: Foul Ball, location: 2F
2-2: Strikes out swinging
Bottom of the 3rd over - 0 runs, 0 hits, 0 errors, 0 left on base; Kansas City 1 - Springfield 1
TOP OF THE 4TH
Kansas City Kings batting - Pitching for Springfield Stars : RHP Kyu-pyeong Pak
Batting: RHB Toshimichi Kono 0-0: Foul Ball, location: 2F
0-1: Ball
1-1: Fly out, F7 (Flyball, 7S)
Batting: RHB Rafael Carreón 0-0: Called Strike
0-1: Ball
1-1: Called Strike
1-2: Foul Ball, location: 2F
1-2: Ball
2-2: Ball
3-2: Reached on error, E6 (Groundball, 6)
Batting: RHB Jeremy Carr 0-0: Called Strike
0-1: Ball
1-1: Ground out U3 (Groundball, 3)
Rafael Carreón to third
Batting: RHB Eduardo García 0-0: Called Strike
0-1: Ball
1-1: Swinging Strike
1-2: Foul Ball, location: 2F
1-2: Ball
2-2: SINGLE (Groundball, 6M) (infield hit)
Rafael Carreón scores
Batting: SHB Álex Hernández 0-0: Foul Ball, location: 2F
0-1: Ball
1-1: Called Strike
1-2: Ball
2-2: Ball
3-2: Fly out, F8 (Line Drive, 8RM)
Top of the 4th over - 1 run, 1 hit, 1 error, 1 left on base; Kansas City 2 - Springfield 1
BOTTOM OF THE 4TH
Springfield Stars batting - Pitching for Kansas City Kings : LHP Osvaldo Cruz
Batting: LHB Felipe Guerrero 0-0: Called Strike
0-1: Ball
1-1: Foul Ball, location: 2F
1-2: Ball
2-2: Ball
3-2: SINGLE (Line Drive, 34)
Batting: LHB Elliott Newell 0-0: Called Strike
0-1: Ball
1-1: Foul Ball, location: 2F
1-2: Strikes out swinging
Batting: RHB Norberto Taváres 0-0: Ball
1-0: Swinging Strike
1-1: Swinging Strike
1-2: Ball
2-2: Fly out, F7 (Line Drive, 7D)
Batting: RHB Gabriel Erwin 0-0: Ball
1-0: Swinging Strike
1-1: Called Strike
1-2: Ball
Felipe Guerrero steals 2nd base
2-2: Ball
3-2: Strikes out swinging
Bottom of the 4th over - 0 runs, 1 hit, 0 errors, 1 left on base; Kansas City 2 - Springfield 1
TOP OF THE 5TH
Kansas City Kings batting - Pitching for Springfield Stars : RHP Kyu-pyeong Pak
Batting: RHB Chris Chandler 0-0: SINGLE (Groundball, 56D)
Batting: RHB Oliver Lugo 0-0: Ball
1-0: Called Strike
1-1: Fielders Choice at 2nd, 1-6 (Groundball, 13)
Batting: RHB Dave Parker 0-0: Called Strike
0-1: Ball
1-1: Ball
2-1: Ball
3-1: Foul Ball, location: 2F
3-2: Fielders Choice at 2nd, 4-6 (Groundball, 34)
Batting: SHB Douglas Taylor 0-0: Ground out 5-3 (Groundball, 56S)
Top of the 5th over - 0 runs, 1 hit, 0 errors, 1 left on base; Kansas City 2 - Springfield 1
BOTTOM OF THE 5TH
Springfield Stars batting - Pitching for Kansas City Kings : LHP Osvaldo Cruz
Batting: RHB Juan Carlos Rodríguez 0-0: Fly out, F4 (Popup, 34)
Batting: RHB José López 0-0: Called Strike
0-1: Ball
1-1: Swinging Strike
1-2: Strikes out swinging
Batting: SHB António De La Cruz 0-0: Foul Ball, location: 2F
0-1: Called Strike
0-2: Foul Ball, location: 2F
0-2: Ball
1-2: Strikes out looking
Bottom of the 5th over - 0 runs, 0 hits, 0 errors, 0 left on base; Kansas City 2 - Springfield 1
TOP OF THE 6TH
Kansas City Kings batting - Pitching for Springfield Stars : RHP Kyu-pyeong Pak
Batting: RHB Toshimichi Kono 0-0: Called Strike
0-1: Fly out, F5 (Line Drive, 56)
Batting: RHB Rafael Carreón 0-0: DOUBLE (Line Drive, 7LD)
Batting: RHB Jeremy Carr 0-0: Intentional Walk
Batting: RHB Eduardo García 0-0: Called Strike
0-1: Fly out, F9 (Flyball, 9D)
Runner from 2nd tags up, SAFE at 3rd, no throw
Batting: SHB Álex Hernández 0-0: Ball
Jeremy Carr steals 2nd base
1-0: Ground out U3 (Groundball, 34)
Top of the 6th over - 0 runs, 1 hit, 0 errors, 2 left on base; Kansas City 2 - Springfield 1
BOTTOM OF THE 6TH
Springfield Stars batting - Pitching for Kansas City Kings : LHP Osvaldo Cruz
Batting: LHB Jesús Tobías 0-0: Foul Ball, location: 2F
0-1: Ball
1-1: Ball
2-1: Ball
3-1: Base on Balls
Batting: LHB Derek Davidson 0-0: Ball
1-0: Called Strike
1-1: Swinging Strike
1-2: Strikes out swinging
Batting: LHB Felipe Guerrero 0-0: Called Strike
0-1: Ball
1-1: Ball
2-1: Fly out, F9 (Flyball, 9LS)
Batting: LHB Elliott Newell 0-0: Fly out, F8 (Flyball, 8LS)
Bottom of the 6th over - 0 runs, 0 hits, 0 errors, 1 left on base; Kansas City 2 - Springfield 1
TOP OF THE 7TH
Kansas City Kings batting - Pitching for Springfield Stars : RHP Kyu-pyeong Pak
Batting: RHB Chris Chandler 0-0: Ball
1-0: Called Strike
1-1: Ball
2-1: Swinging Strike
2-2: Fly out, F7 (Line Drive, 7)
Batting: RHB Oliver Lugo 0-0: Ball
1-0: Called Strike
1-1: Ball
2-1: Ball
3-1: Ground out U3 (Groundball, 34)
Batting: RHB Dave Parker 0-0: Swinging Strike
0-1: Fly out, F4 (Popup, 34)
Top of the 7th over - 0 runs, 0 hits, 0 errors, 0 left on base; Kansas City 2 - Springfield 1
BOTTOM OF THE 7TH
Springfield Stars batting - Pitching for Kansas City Kings : LHP Osvaldo Cruz
Batting: RHB Norberto Taváres 0-0: Ball
1-0: Called Strike
1-1: Foul Ball, location: 2F
1-2: Fly out, F6 (Line Drive, 6)
Batting: RHB Gabriel Erwin 0-0: Ball
1-0: Fly out, F8 (Flyball, 78XD)
Batting: RHB Juan Carlos Rodríguez 0-0: Ground out 4-3 (Groundball, 4)
Bottom of the 7th over - 0 runs, 0 hits, 0 errors, 0 left on base; Kansas City 2 - Springfield 1
TOP OF THE 8TH
Kansas City Kings batting - Pitching for Springfield Stars : RHP Kyu-pyeong Pak
Pitching: LHP Cristián Escobar
Batting: SHB Douglas Taylor 0-0: Ball
1-0: Ball
2-0: SINGLE (Groundball, 6D)
Batting: RHB Toshimichi Kono 0-0: Called Strike
0-1: Called Strike
0-2: Foul Ball, location: 2F
0-2: Ball
1-2: Foul Ball, location: 2F
1-2: Foul Ball, location: 2F
1-2: Ball
2-2: Foul Ball, location: 2F
2-2: Ball
3-2: Foul Ball, location: 2F
3-2: Ground out 6-3 (Groundball, 6)
Douglas Taylor to second
Batting: RHB Rafael Carreón 0-0: Called Strike
0-1: Ball
1-1: Ball
2-1: Foul Ball, location: 2F
2-2: Fly out, F8 (Flyball, 8RD)
Runner from 2nd tags up, SAFE at 3rd with throw
Batting: RHB Jeremy Carr 0-0: Intentional Walk
Batting: RHB Eduardo García 0-0: Swinging Strike
0-1: Swinging Strike
0-2: Ball
1-2: Strikes out looking
Top of the 8th over - 0 runs, 1 hit, 0 errors, 2 left on base; Kansas City 2 - Springfield 1
BOTTOM OF THE 8TH
Springfield Stars batting - Pitching for Kansas City Kings : LHP Osvaldo Cruz
Batting: RHB José López 0-0: Ball
1-0: SINGLE (Groundball, 6D)
Batting: SHB António De La Cruz 0-0: Called Strike
0-1: Ball
1-1: Ball
2-1: Foul Ball, location: 2F
2-2: SINGLE (Line Drive, 56D)
José López to second
José López to third
Pitching: RHP Alberto Bonilla
Batting: LHB Jesús Tobías 0-0: Foul Ball, location: 2F
0-1: TRIPLE (Line Drive, 89XD)
José López scores
António De La Cruz scores
Pitching: LHP Enrique Muñóz
Batting: LHB Derek Davidson 0-0: Foul Ball, location: 2F
0-1: Ball
1-1: Called Strike
1-2: Fly out, F9 (Flyball, 9LS)
Batting: LHB Felipe Guerrero 0-0: Ball
1-0: Ball
2-0: Ball
3-0: Called Strike
3-1: 2-RUN HOME RUN (Flyball, 9LD), Distance : 336 ft
Batting: LHB Elliott Newell 0-0: Foul Ball, location: 2F
0-1: Called Strike
0-2: SINGLE (Line Drive, 8LS)
Pitching: RHP Mike Fisher
Batting: RHB Norberto Taváres 0-0: Ball
1-0: Called Strike
1-1: Foul Ball, location: 2F
1-2: Ball
2-2: Grounds into double play, 6-4-3 (Groundball, 6)
Bottom of the 8th over - 4 runs, 5 hits, 0 errors, 0 left on base; Kansas City 2 - Springfield 5
TOP OF THE 9TH
Kansas City Kings batting - Pitching for Springfield Stars : LHP Cristián Escobar
Pitching: RHP José Valdéz
Batting: SHB Álex Hernández 0-0: Ground out U3 (Groundball, 34)
Batting: RHB Chris Chandler 0-0: Ball
1-0: Ball
2-0: Foul Ball, location: 2F
2-1: Called Strike
2-2: Foul Ball, location: 2F
2-2: SINGLE (Groundball, 34D)
Batting: RHB Oliver Lugo 0-0: Called Strike
0-1: Swinging Strike
0-2: Ball
1-2: Ball
2-2: Strikes out swinging
Batting: RHB Dave Parker 0-0: Ball
1-0: Swinging Strike
1-1: Ball
2-1: Called Strike
2-2: Strikes out looking
Top of the 9th over - 0 runs, 1 hit, 0 errors, 1 left on base; Kansas City 2 - Springfield 5
Saturday, April 7th, 2018 - OOTP Baseball 18.8 Build 76